[Event "94th FRA-ch 2019"]
[Site "Chartres"]
[Date "2019.08.25"]
[Round "9.4"]
[White "Moussard, Jules"]
[Black "Favarel, Julien"]
[Result "1-0"]
[ECO "C67"]
[WhiteElo "2595"]
[BlackElo "2333"]
[Annotator "ChessBase"]
[PlyCount "131"]
[EventDate "2019.08.17"]
[EventType "tourn"]
[EventCountry "FRA"]
[SourceTitle "playchess.com"]
[Source "ChessBase"]
[SourceQuality "1"]
[TimeControl "40/5400+30:1800+30"]

1. e4 e5 2. Nf3 Nc6 3. Bb5 Nf6 4. O-O Nxe4 5. d4 Nd6 6. dxe5 Nxb5 7. a4 Nbd4 8. Nxd4 Nxd4 9. Qxd4 d5 10. Qd3 Be7 11. Qg3 g6 12. Bh6 Bf5 13. Nd2 Qd7 14. c3 O-O-O 15. Nb3 g5 16. f4 gxf4 17. Qxf4 Be4 18. Nd2 Bg6 19. Bg7 Rhg8 20. Bf6 Bxf6 21. exf6 d4 22. Nf3 dxc3 23. bxc3 Qf5 24. Qe3 Qxf6 25. Qxa7 Qb6+ 26. Qxb6 cxb6 27. Nd4 Rge8 28. Rf6 Re3 29. Rc1 Kc7 30. Rd1 Kc8 31. Rc1 Kc7 32. Kf2 Rde8 33. h4 h5 34. Rd1 Kb8 35. Rf3 R3e4 36. g3 R4e5 37. Rd2 Rd5 38. Rb2 Rd6 39. Re3 Rxe3 40. Kxe3 Kc8 41. Rb5 Rd8 42. Rxb6 Re8+ 43. Kf2 Kc7 44. Rb4 Ra8 45. Ke3 Re8+ 46. Kd2 Rd8 47. Rb5 b6 48. a5 bxa5 49. Rxa5 Rb8 50. c4 Rg8 51. Ne2 Rd8+ 52. Ke3 Re8+ 53. Kf3 Re4 54. Ra4 Kd7 55. Ra7+ Ke8 56. Rc7 Kd8 57. Rc5 Ke7 58. Nf4 Rd4 59. Ne2 Re4 60. Nc3 Rd4 61. Nb5 Rd1 62. Ke3 Rc1 63. Nd4 Rc3+ 64. Kf4 Bd3 65. Re5+ Kd6 66. Nb5+ 1-0